 Dungeon Crawl Stone Soup version 0.18.1-50-g88ac8fd (webtiles) character file.

49 ololoev the Chopper (level 3, 20/29 HPs)
             Began as a Demonspawn Berserker on Oct 28, 2016.
             Was a Follower of Trog.
             Quit the game on level 1 of the Dungeon.
             The game lasted 00:00:22 (27 turns).

ololoev the Chopper (Demonspawn Berserker)            Turns: 27, Time: 00:00:23

Health: 20/29      AC:  2    Str: 18    XL:     3   Next: 51%
Magic:  3/3        EV: 12    Int:  8    God:    Trog [*.....]
Gold:   0          SH:  0    Dex: 12    Spells: 0 memorised, 2 levels left

rFire  . . .     SeeInvis .     a - +0 hand axe
rCold  . . .     Gourm    .     b - +0 animal skin
rNeg   . . .     Faith    .     (no shield)
rPois  .         Spirit   .     (no helmet)
rElec  .         Dismiss  .     (no cloak)
rCorr  .         Reflect  .     (no gloves)
SustAt .         Harm     .     (no boots)
MR     .....                    (no amulet)
Stlth  +.........               (no ring)
                                (no ring)

@: exhausted, slowed, very slow, not resistant to hostile enchantments, very
unstealthy
A: powered by pain 1, spiny 1
a: Berserk, Burn Spellbooks, Renounce Religion


Innate Abilities, Weirdness & Mutations

You sometimes gain a little power by taking damage.
You are partially covered in sharp spines.

Inventory:

Hand Weapons
 a - a +0 hand axe (weapon)
Armour
 b - a +0 animal skin (worn)
Comestibles
 c - a bread ration


   Skills:
 + Level 3.3 Fighting
 * Level 3.6 Axes
 + Level 2.2 Armour
 - Level 1.7 Dodging


You had 2 spell levels left.
You didn't know any spells.


You were on level 1 of the Dungeon.
You worshipped Trog.
Trog was aware of your devotion.
You were not hungry.

You visited 1 branch of the dungeon, and saw 2 of its levels.

###+#######+###
#..⌠...>...⌠..#
#......<......#
+⌠....###....⌠+
#.....@†......#
#######†#######
#...........
#.............
#.............
##############

Notes
Turn   | Place    | Note
--------------------------------------------------------------
     0 | D:1      | ololoev the Demonspawn Berserker began the quest for the Orb.
     0 | D:1      | Reached XP level 1. HP: 18/18 MP: 1/1
     6 | D:1      | Found a runed door.
     6 | D:1      | Noticed a jelly
    15 | D:1      | Killed a jelly
    15 | D:1      | Gained mutation: You are partially covered in sharp spines. [demonic ancestry]
    15 | D:1      | Reached XP level 2. HP: 23/24 MP: 2/2
    15 | D:1      | Gained mutation: You sometimes gain a little power by taking damage. [demonic ancestry]
    15 | D:1      | Reached XP level 3. HP: 28/29 MP: 3/3
    27 | D:1      | Quit the game

Dungeon Overview and Level Annotations

Branches:
Dungeon (2/15)

Altars:


Message History

You barely miss the giant cockroach.
Use which ability? (? or * to list)
A red film seems to cover your vision as you go berserk!
You feel yourself moving faster!
You feel mighty!
You feel somewhat more hungry. The giant cockroach closely misses you.
The rat bites you.
The rat twitches its whiskers.
The giant cockroach bites you.
You slash the giant cockroach!
You kill the giant cockroach!
Trog accepts your kill.
You slash the rat!
You kill the rat!
Trog accepts your kill.
You slash the jelly!
Your hands burn!
The jelly is heavily wounded.
The jelly completely misses you.
You completely miss the jelly.
The jelly is heavily wounded.
You slash the jelly!
Your hands burn!
The jelly is almost dead.
The jelly barely misses you.
You slash the jelly!
You kill the jelly!
Trog accepts your kill.
Your Axes skill increases to level 3!
Your Armour skill increases to level 2!
You have reached level 2!
Your demonic ancestry asserts itself...
Sharp spines emerge from parts of your body.
You have reached level 3!
Your experience leads to an increase in your attributes!
Your base attributes are Str 17, Int 8, Dex 12.
Increase (S)trength, (I)ntelligence, or (D)exterity?
You feel stronger.
Your demonic ancestry asserts itself...
You feel energised by your suffering.
You slash the giant cockroach!
You kill the giant cockroach!
Trog accepts your kill.
The jackal pauses to sniff the ground.
You slash the giant cockroach!
You kill the giant cockroach!
Trog accepts your kill.
You slash the ooze!
The ooze is almost dead.
The ooze closely misses you.
You slash the ooze!
You kill the ooze!
Trog accepts your kill.
You slash the jackal!
You kill the jackal!
Trog accepts your kill.
You closely miss the jackal. The jackal barely misses you.
You slash the jackal!
You kill the jackal!
Trog accepts your kill.
You slash the rat!
You kill the rat!
Trog accepts your kill.
You slash the ooze!
The ooze is severely wounded.
The ooze barely misses you.
You slash the ooze!
You kill the ooze!
Trog accepts your kill.
You are no longer berserk.
You are exhausted.
You feel yourself slow down.
You slash the rat!
You kill the rat!
Trog accepts your kill.
No target in view!
No target in view!
No target in view!
No target in view!
No target in view!
No target in view!
No target in view!
No target in view!
No target in view!
Are you sure you want to abandon this character and quit the game? (Confirm with "yes".)

There were no monsters in sight!

Vanquished Creatures
  A jelly (D:1)
  2 oozes (D:1)
  3 giant cockroaches (D:1)
  2 jackals (D:1)
  3 rats (D:1)
11 creatures vanquished.

Action                   || total
-------------------------++-------
Melee: Hand axe          ||    17
Invok: Berserk           ||     1
Dodge: Dodged            ||     6

Vault maps used:
D:1:      dpeg_arrival_caged_fury, st_stairs_1
D:2:      lemuel_doored_altar
